 Dungeon Crawl Stone Soup version 0.29.1-15-g9cfb28693d (webtiles) character file.

Game seed: 13741788058955511934

13911 boopmooplesden the Protected (level 11, -2/97 HPs)
             Began as a Minotaur Fighter on Mar 1, 2023.
             Was a High Priest of Okawaru.
             Killed from afar by a hell hound (8 damage)
             ... with a blast of flame
             ... on level 1 of the Abyss.
             The game lasted 00:17:55 (12020 turns).

boopmooplesden the Protected (Minotaur Fighter)    Turns: 12020, Time: 00:17:56

Health: -2/97      AC: 23    Str: 24    XL:     11   Next: 81%
Magic:  28/28      EV: 11    Int:  6    God:    Okawaru [*****.]
Gold:   480        SH:  9    Dex:  8    Spells: 10/10 levels left

rFire   + . .      SeeInvis .   j - +8 whip of Chance {freeze, *Rage rF+ rN++ MP+9}
rCold   + + +      Faith    .   c - +2 buckler
rNeg    + + +      Spirit   .   g - +0 chain mail
rPois   +          Reflect  .   t - +1 hat of the Endless Expanse {+Blink rPois rC+++ Will-}
rElec   .          Harm     .   w - +2 cloak of Majygg {Will+ rCorr Dex-4 Slay+5 Stlth+}
rCorr   +          Rampage  .   H - +2 pair of gloves {Stlth+}
Will    .....      Clarity  +   (no boots)
Stlth   ++........              x - amulet of Akheum {RegenMP Contam +Blink MP+9}
HPRegen 0.26/turn               r - ring of positive energy
MPRegen 0.61/turn               (no ring)

@: heroic
A: horns 2, retaliatory headbutt, clarity, strong 1
a: Renounce Religion, Evoke Blink, Heroism, Finesse, Duel


You were on level 1 of the Abyss.
You worshipped Okawaru.
Okawaru was extremely pleased with you.
You visited 2 branches of the dungeon, and saw 12 of its levels.
You visited the Abyss 1 time.
You also visited: Sewer, Ossuary and Bailey.

You collected 876 gold pieces.
You spent 396 gold pieces at shops.

Inventory:

Hand Weapons
 a - a +1 spectral long sword
 i - the +5 trident "Alot" {elec, Contam rCorr Dex+4}
   (You found it on level 2 of the Dungeon)

   It occasionally discharges a powerful burst of electricity upon striking a
   foe.
   Dex:       It affects your dexterity (+4).
   Contam:    It causes magical contamination when unequipped.
   rCorr:     It protects you from acid and corrosion.
 j - the +8 whip of Chance (weapon) {freeze, *Rage rF+ rN++ MP+9}
   (You found it on level 2 of the Dungeon)

   It freezes those it strikes, dealing additional cold damage.
   It can also slow down cold-blooded creatures.
   rF:        It protects you from fire.
   rN:        It greatly protects you from negative energy.
   MP:        It affects your magic capacity (+9).
   *Rage:     It berserks you when you make melee attacks (+20% chance).
 I - the +4 spear "Vamokox" {flame, *Noise rElec Str+5}
   (You bought it in a shop on level 5 of the Dungeon)

   It burns those it strikes, dealing additional fire damage.
   Str:       It affects your strength (+5).
   rElec:     It insulates you from electricity.
   *Noise:    It may make noises in combat.
 M - a +5 sling of flaming
Missiles
 u - 5 boomerangs (quivered)
 A - a javelin
 O - 2 throwing nets
Armour
 b - a +0 scale mail
 c - a +2 buckler (worn)
 g - a +0 chain mail (worn)
 t - the +1 hat of the Endless Expanse (worn) {+Blink rPois rC+++ Will-}
   (You acquired it on level 3 of the Dungeon)

   rC:        It renders you almost immune to cold.
   rPois:     It protects you from poison.
   +Blink:    It lets you blink.
   Will:      It decreases your willpower.
 w - the +2 cloak of Majygg (worn) {Will+ rCorr Dex-4 Slay+5 Stlth+}
   (You acquired it on level 3 of the Dungeon)

   Dex:       It affects your dexterity (-4).
   Slay:      It affects your accuracy & damage with ranged weapons and melee
   (+5).
   rCorr:     It protects you from acid and corrosion.
   Will:      It increases your willpower.
   Stlth:     It makes you more stealthy.
 H - a +2 pair of gloves of stealth (worn)
Jewellery
 k - a ring of ice
 r - a ring of positive energy (left hand)
 x - the amulet of Akheum (around neck) {RegenMP Contam +Blink MP+9}
   (You acquired it on level 3 of the Dungeon)

   [amulet of magic regeneration]

   It increases your rate of magic regeneration.
   MP:        It affects your magic capacity (+9).
   +Blink:    It lets you blink.
   Contam:    It causes magical contamination when unequipped.
 K - a ring of ice
 L - a +4 ring of evasion
 Q - the amulet of Myken {Faith rN+++ rCorr MP+9 Int-2}
   (You found it on level 11 of the Dungeon)

   [amulet of faith]

   It allows you to gain divine favour quickly.
   Int:       It affects your intelligence (-2).
   rN:        It renders you almost immune to negative energy.
   MP:        It affects your magic capacity (+9).
   rCorr:     It protects you from acid and corrosion.
Scrolls
 m - 7 scrolls of teleportation
 n - 2 scrolls of noise
 v - 9 scrolls of identify
 y - 2 scrolls of poison
 z - 4 scrolls of fog
 D - 3 scrolls of enchant weapon
 E - a scroll of amnesia
 J - a scroll of brand weapon
 N - a scroll of magic mapping
 P - a scroll of fear
Potions
 d - 8 potions of might
 e - 2 potions of lignification
 f - 4 potions of attraction
 h - 2 potions of berserk rage {unknown}
 l - 3 potions of resistance
 o - 2 potions of heal wounds
 p - a potion of degeneration {unknown}
 q - a potion of brilliance
 s - 2 potions of mutation
 B - a potion of invisibility {unknown}
 C - 3 potions of flight
 F - 3 potions of curing
 G - 3 potions of haste


   Skills:
 + Level 9.6(14.6) Fighting
 + Level 3.8(8.8) Long Blades
 + Level 11.8(16.8) Maces & Flails
 + Level 1.2(6.2) Throwing
 + Level 13.8(18.8) Armour
 + Level 4.5(9.5) Dodging
 + Level 2.2(7.2) Stealth
 + Level 9.8(14.8) Shields
 + Level 0.2 Invocations


You had 10 spell levels left.
You didn't know any spells.
Your spell library contained the following spells:

 Spells                   Type           Power      Damage    Failure   Level
 Ensorcelled Hibernation  Hex/Ice        0%         N/A       97%         2
 Passwall                 Tmut/Erth      0%         N/A       97%         2
 Portal Projectile        Hex/Tloc       0%         N/A       99%         3
 Spider Form              Tmut/Pois      0%         N/A       99%         3
 Swiftness                Air            0%         N/A       99%         3
 Anguish                  Hex/Necr       0%         N/A       100%        4
 Leda's Liquefaction      Hex/Erth       0%         N/A       100%        4
 Petrify                  Tmut/Erth      0%         N/A       100%        4
 Iron Shot                Conj/Erth      0%         9d1       100%        6
 Call Canine Familiar     Summ           Unusable   N/A       N/A         3

Dungeon Overview and Level Annotations

Branches:
Dungeon (11/15)            Temple (1/1) D:7            Lair (0/5) D:8
  Sewer (visited)         Ossuary (visited)          Bailey (visited)
    Orc: D:9-12

Altars:
Cheibriados
Hepliaklqana
Nemelex Xobeh
Okawaru
Qazlal
Ru
Trog
Uskayaw
Xom
Zin
Jiyva

Shops:
D:5 (([:*

Annotations:
D:10 2 transporters
D:11 Sonja


Innate Abilities, Weirdness & Mutations

You have a pair of horns on your head.
You reflexively headbutt those who attack you in melee.
You possess an exceptional clarity of mind.
Your muscles are strong. (Str +4, Int/Dex -1)


Message History

The blast of flame hits you! You resist.
* * * LOW HITPOINT WARNING * * *
A hell hound comes into view.
You gain the combat prowess of a mighty hero.
You hit the hell hound but do no damage.
Your headbutt misses the hell hound.
A hell hound comes into view.
The hell hound bites you.
* * * LOW HITPOINT WARNING * * *
A hell hound comes into view.
The hell hound barks!
You hit the hell hound but do no damage.
You headbutt the hell hound.
The hell hound is lightly wounded.
You block the hell hound's attack.
The hell hound barks!
You hit the hell hound. You freeze the hell hound.
Your headbutt misses the hell hound.
The hell hound is heavily wounded.
The hell hound bites you but does no damage.
You closely miss the hell hound.
The hell hound is heavily wounded.
You whack the hell hound! You freeze the hell hound.
The hell hound is almost dead.
You block the hell hound's attack.
You miss the hell hound. Your headbutt misses the hell hound.
The hell hound is almost dead.
You whack the hell hound! You freeze the hell hound!
Your headbutt misses the hell hound.
The hell hound is almost dead.
The hell hound breathes flames at you.
The blast of flame hits the hell hound.
The hell hound completely resists.
The blast of flame hits you. You resist.
* * * LOW HITPOINT WARNING * * *
The hell hound attacks as you move away!
You block the hell hound's attack. The hell hound breathes flames at you.
The blast of flame hits the hell hound.
The hell hound completely resists.
The blast of flame hits you! You resist.
You die...

##.
..##.#..
#..#. .#
.... #
#...
#.##.....#
## #...
##..#. #.#
# ##....#
.. #. ...#
#.. .# #
.. .. # #.
.###
#...###.
#.##.#
##.# #.. .
###.#@##
.# .### ##
..
#...#h###
. ## # #
#.h.## # .
#....h## .
. # # .
#..h.# . .
## ##...
##. .. .#


You could see 2 hell hounds.

Vanquished Creatures
  A stone giant (D:11)
  Harold (D:11)
  An ogre mage (D:11)
  A hydra (D:11)
  A two-headed ogre (Bailey)
  The ghost of hawla the Firebug, a novice MeFE of Vehumet (D:8)
  A flayed ghost (D:11)
  An orc knight (D:11)
  An ugly thing (D:11)
  Joseph (D:10)
  A gargoyle (D:11)
  A komodo dragon (D:11)
  A hornet (D:11)
  2 trolls
  Prince Ribbit (D:6)
  Sigmund (D:3)
  2 shadows
  A vampire (D:10)
  A wraith (D:11)
  2 spriggans (Bailey)
  A ynoxinul (D:8)
  3 yaks (D:9)
  3 wyverns
  A vampire mosquito (D:11)
  Menkaure (D:5)
  An acid dragon (Bailey)
  A water moccasin (D:9)
  Duvessa (D:7)
  An ice beast (D:6)
  3 orc warriors
  A black bear (D:3)
  7 ogres (Bailey)
  7 centaurs
  3 phantoms
  Blork the orc (D:4)
  A bullfrog (D:8)
  A kobold brigand (Sewer)
  3 scorpions
  2 necrophages
  14 wights
  Dowan (D:7)
  2 howler monkeys (D:7)
  2 hounds (D:6)
  5 orc priests
  A gnoll bouda (D:6)
  Terence (D:3)
  7 iguanas
  Natasha (twice) (D:3)
  13 orc wizards
  8 mummies (Ossuary)
  5 gnolls
  16 adders
  2 river rats (Sewer)
  A shadow imp (D:5)
  A white imp (D:8)
  4 ufetubi
  2 worms (D:2)
  5 dart slugs
  36 orcs
  10 ball pythons
  4 endoplasms
  6 giant cockroaches
  9 goblins
  6 hobgoblins
  4 quokkas
  8 bats
  3 frilled lizards
  2 gnoll zombies (Ossuary)
  A hobgoblin zombie (Ossuary)
  14 kobolds
  3 kobold zombies (Ossuary)
  2 orc zombies (Ossuary)
  9 rats
274 creatures vanquished.

Vanquished Creatures (others)
  2 plants (D:8)
2 creatures vanquished.

Grand Total: 276 creatures vanquished

Notes
Turn   | Place    | Note
-------+----------+-------------------------------------------
     0 | D:1      | boopmooplesden the Minotaur Fighter began the quest for the
                  | Orb.
     0 | D:1      | Reached XP level 1. HP: 19/19 MP: 0/0
   212 | D:1      | Reached XP level 2. HP: 22/28 MP: 1/1
   486 | D:1      | Reached XP level 3. HP: 30/34 MP: 2/2
  1226 | D:2      | Reached skill level 4 in Armour
  1313 | D:2      | Identified the +5 trident "Alot" {elec, Contam rCorr Dex+4}
  1443 | D:2      | Identified the +8 whip of Chance {freeze, *Rage rF+ rN++
                  | MP+9}
  1470 | D:2      | Gained mutation: You are dopey. (Int -2) [mutagenic glow]
  1647 | D:2      | Reached XP level 4. HP: 41/41 MP: 3/3
  1982 | D:2      | Found a faded altar of an unknown god.
  2234 | D:3      | Found a hazy altar of Hepliaklqana.
  2246 | D:3      | Found a stormy altar of Qazlal.
  2326 | D:3      | Reached skill level 1 in Dodging
  2386 | D:3      | Noticed Terence
  2389 | D:3      | Noticed Natasha
  2392 | D:3      | Killed Terence
  2393 | D:3      | Reached XP level 5. HP: 23/47 MP: 4/4
  2397 | D:3      | Killed Natasha
  2592 | D:3      | Noticed a black bear
  2603 | D:3      | Killed a black bear
  2604 | D:3      | Reached skill level 1 in Maces & Flails
  2604 | D:3      | Reached skill level 5 in Armour
  2686 | D:3      | Reached XP level 6. HP: 55/55 MP: 5/5
  2805 | D:3      | Noticed Sigmund
  2817 | D:3      | Killed Sigmund
  2818 | D:3      | Reached skill level 5 in Fighting
  3262 | D:3      | Noticed Natasha
  3273 | D:3      | Killed Natasha
  3274 | D:3      | Reached skill level 5 in Shields
  3274 | D:3      | Reached XP level 7. HP: 57/61 MP: 6/6
  3449 | D:3      | Identified 3 scrolls of acquirement
  3449 | D:3      | Acquired the +2 cloak of Majygg {Will+ rCorr Dex-4 Slay+5
                  | Stlth+}
  3456 | D:3      | Acquired the amulet of Akheum {RegenMP Contam +Blink MP+9}
  3464 | D:3      | Acquired the +1 hat of the Endless Expanse {+Blink rPois
                  | rC+++ Will-}
  3526 | D:4      | Reached skill level 6 in Armour
  3617 | D:4      | Noticed Blork the orc
  3626 | D:4      | Killed Blork the orc
  4025 | D:5      | Entered Level 5 of the Dungeon
  4057 | D:5      | Found a bloodstained altar of Trog.
  4061 | D:5      | Reached skill level 7 in Armour
  4167 | D:5      | Found Peuppy's Elemental Accessories.
  4173 | D:5      | Noticed Menkaure
  4178 | D:5      | Killed Menkaure
  4179 | D:5      | Reached skill level 5 in Maces & Flails
  4179 | D:5      | Reached XP level 8. HP: 69/69 MP: 7/7
  4188 | D:5      | Found Xisuxkan's Weapon Shoppe.
  4253 | D:5      | Found a glowing drain.
  4280 | Sewer    | Entered a sewer
  4598 | D:5      | Found a sand-covered staircase.
  4602 | Ossuary  | Entered an ossuary
  4974 | D:5      | Found Huvich's Book Shop.
  4974 | D:5      | Found Mimis's Antique Weapon Emporium.
  5484 | D:5      | Found Joish's Armour Shop.
  5489 | D:5      | Bought a +2 pair of gloves of stealth for 236 gold pieces
  5536 | D:5      | Bought a smoking spear for 160 gold pieces
  5536 | D:5      | Identified the +4 spear "Vamokox" {flame, *Noise rElec
                  | Str+5} (You bought it in a shop on level 5 of the Dungeon)
  5564 | D:6      | Noticed a troll
  5571 | D:6      | Killed a troll
  5572 | D:6      | Reached skill level 8 in Armour
  5797 | D:6      | Noticed Prince Ribbit
  5806 | D:6      | Killed Prince Ribbit
  5807 | D:6      | Reached XP level 9. HP: 75/75 MP: 8/8
  5821 | D:6      | Lost mutation: You are dopey. (Int -2) [potion of mutation]
  5821 | D:6      | Gained mutation: You are clumsy. (Dex -2) [potion of
                  | mutation]
  5821 | D:6      | Lost mutation: You are clumsy. (Dex -2) [potion of
                  | mutation]
  5822 | D:6      | Gained mutation: You possess an exceptional clarity of
                  | mind. [potion of mutation]
  5822 | D:6      | Gained mutation: Your muscles are strong. (Str +4, Int/Dex
                  | -1) [potion of mutation]
  5897 | D:6      | Reached skill level 9 in Armour
  6597 | D:7      | Found a staircase to the Ecumenical Temple.
  6602 | D:7      | Found a glowing silver altar of Zin.
  6602 | D:7      | Noticed an angel
  6779 | D:7      | Reached skill level 1 in Stealth
  6868 | D:7      | Noticed Dowan
  6871 | D:7      | Noticed Duvessa
  6881 | D:7      | Killed Duvessa
  6884 | D:7      | Killed Dowan
  7231 | Temple   | Entered the Ecumenical Temple
  7248 | Temple   | Became a worshipper of Warmaster Okawaru
  7462 | D:8      | Found a runed translucent door.
  7462 | D:8      | Noticed hawla's ghost (novice MeFE)
  7679 | D:8      | Found a staircase to the Lair.
  7907 | D:8      | Noticed a +0 spear
  7907 | D:8      | Noticed a +0 falchion
  7908 | D:8      | Noticed a +0 short sword
  7908 | D:8      | Noticed a +0 spear
  7909 | D:8      | Noticed a +0 short sword
  7909 | D:8      | Noticed a +0 dagger
  7913 | D:8      | Noticed a +0 dagger
  7913 | D:8      | Noticed a +0 falchion
  7921 | D:8      | Identified the +5 scale mail "Sidoj" {*Corrode Str+10
                  | Int+6}
  7945 | D:8      | Reached XP level 10. HP: 77/86 MP: 9/9
  7950 | D:8      | Found a hide-covered altar of Uskayaw.
  8035 | D:8      | Reached skill level 10 in Armour
  8042 | D:8      | Killed hawla's ghost
  8042 | D:8      | Reached * piety under Okawaru
  8053 | D:8      | Got Kaczug's Folio of the Rocks
  8109 | D:9      | Found a flagged portal.
  8123 | Bailey   | Entered a bailey
  8137 | Bailey   | Reached skill level 10 in Maces & Flails
  8491 | Bailey   | Noticed a two-headed ogre
  8496 | Bailey   | Reached ** piety under Okawaru
  8502 | Bailey   | Killed a two-headed ogre
  8503 | Bailey   | Reached skill level 11 in Armour
  9023 | D:9      | Found a sacrificial altar of Ru.
  9345 | D:9      | Reached *** piety under Okawaru
  9437 | D:9      | Reached skill level 1 in Throwing
  9578 | D:10     | Entered Level 10 of the Dungeon
  9626 | D:10     | Reached XP level 11. HP: 82/95 MP: 10/10
 10050 | D:10     | Noticed Joseph
 10062 | D:10     | Killed Joseph
 10265 | D:10     | Reached skill level 12 in Armour
 10515 | D:10     | Found a transporter.
 10516 | D:10     | Noticed a great orb of eyes
 10518 | D:10     | Found a viscous altar of Jiyva.
 10588 | D:10     | Found a transporter.
 10667 | D:11     | Found a bloodstained altar of Trog.
 10746 | D:11     | Noticed an ogre mage
 10746 | D:11     | Paralysed by an ogre mage for 3 turns
 10748 | D:11     | Noticed a stone giant
 10759 | D:11     | Killed a stone giant
 10759 | D:11     | Reached **** piety under Okawaru
 10760 | D:11     | Paralysed by something for 3 turns
 10767 | D:11     | Killed an ogre mage
 10945 | D:11     | Noticed Harold
 10962 | D:11     | Killed Harold
 11346 | D:11     | Noticed a green ugly thing
 11352 | D:11     | Killed a green ugly thing
 11353 | D:11     | Reached skill level 13 in Armour
 11353 | D:11     | Noticed a four-headed hydra
 11360 | D:11     | Killed a four-headed hydra
 11361 | D:11     | Noticed a flayed ghost
 11366 | D:11     | Killed a flayed ghost
 11464 | D:11     | Reached ***** piety under Okawaru
 11465 | D:11     | Noticed an orc knight
 11482 | D:11     | HP: 4/97 [poisoned by a hornet]
 11487 | D:11     | Killed an orc knight
 11496 | D:11     | Identified the amulet of Myken {Faith rN+++ rCorr MP+9
                  | Int-2}
 11939 | D:11     | Noticed Sonja
 11955 | Abyss:1  | Found a corrupted altar of Lugonu.
 11955 | Abyss:1  | Cast into level 1 of the Abyss (Sonja)
 12020 | Abyss:1  | Killed from afar by a hell hound

Illustrated notes

Levels and vault maps discovered:
D:1:      zelgadis_glass_arrival_small, layout_loops_ring,
          minmay_misc_feat_roman
D:2:      minmay_chambers_of_twos, layout_basic,
          dilly_ecumenical_altar_fadedgnrine, st_stairs_7, chequers_garden
D:3:      layout_basic, mainiacjoe_overflow_catch_the_wave, minmay_starry_boxes,
          uniq_sigmund, uniq_terence, uniq_natasha
D:4:      layout_basic, uniq_blork_the_orc
D:5:      layout_basic, nicolae_overflow_crystal_walls,
          nicolae_ossuary_entry_plus, gup_sewer_entry_glass, serial_shops,
          shop_fountains, kennysheep_little_box, nicolae_lakefront_shop,
          nicolae_shop_trees, nicolae_elemental_shop, nicolae_hexahallways,
          kennysheep_path_1, uniq_menkaure
D:6:      layout_rooms, uniq_prince_ribbit1
D:7:      layout_layer_cave, zin_angel, minmay_temple_entry_hall,
          minmay_misc_feat_ornament, grunt_ministairs_14,
          grunt_decor_one_mirror, uniq_duvessa
D:8:      layout_loops_ring, nicolae_uskayaw_en_pointe, dpeg_oklobed_lair,
          hellmonk_ghost_big_iron
D:9:      layout_roguey, hangedman_ru_absence, enter_bailey_4, library_closet
D:10:     gammafunk_jiyva_shrine, layout_basic, uniq_joseph
D:11:     minmay_chopped_fan, layout_irregular_city, bloody_trog, uniq_sonja,
          uniq_harold
Temple:   eino_temple_scatter_basement
Abyss:1:  base:
D:9

Skill      XL: |  1  2  3  4  5  6  7  8  9 10 11 |
---------------+----------------------------------+-----
Fighting       | 4 5 6 7 8 9 |  9.6
Shields        | 4 5 6 7 9 |  9.8
Armour         | 4 5 7 8 9 11 13 | 13.8
Long Blades    | 3 |  3.8
Dodging        | 1 2 3 4 |  4.5
Maces & Flails | 1 3 5 6 9 10 11 | 11.8
Stealth        | 1 2 |  2.2
Throwing       | 1 |  1.2
Invocations    | |  0.2

Action                   |  1- 3 |  4- 6 |  7- 9 | 10-12 || total
-------------------------+-------+-------+-------+-------++-------
Melee: Long sword        |    70 |       |       |       ||    70
       Headbutt          |    12 |    12 |    38 |    48 ||   110
       Whip              |     7 |    88 |   242 |   237 ||   574
       Trident           |     2 |       |       |       ||     2
Throw: Boomerang         |       |       |       |     4 ||     4
Invok: Heroism           |       |       |       |     5 ||     5
  Use: Scroll            |     5 |     4 |    14 |     4 ||    27
       Potion            |       |       |     2 |     2 ||     4
 Stab: Distracted        |       |       |     1 |       ||     1
Armor: Scale mail        |    39 |     7 |       |       ||    46
       Chain mail        |       |    53 |   150 |   106 ||   309
Dodge: Dodged            |    41 |    36 |    88 |    86 ||   251
Block: Buckler           |    27 |    23 |    82 |    85 ||   217
